 Dungeon Crawl Stone Soup version 0.31-a0-1291-g5386780bc2 (webtiles) character file.

Game seed: 16464287967058950185

28 Bnni the Grave Robber (level 2, -3/21 HPs)
             Began as a Demonspawn Necromancer on Dec 18, 2023.
             Slain by a gnoll
             ... wielding a +0 spear
              (8 damage)
             ... on level 1 of the Dungeon.
             The game lasted 00:02:13 (1104 turns).

Bnni the Grave Robber (Demonspawn Necromancer)      Turns: 1104, Time: 00:02:14

Health: -3/21      AC:  3    Str:  8    XL:     2   Next: 96%
Magic:  4/5        EV: 12    Int: 15    God:
Gold:   31         SH:  0    Dex: 13    Spells: 4/5 levels left

rFire   . . .        l - +0 whip
rCold   . . .        (no shield)
rNeg    . . .        a - +0 robe
rPois   .            f - +0 helmet
rElec   .            (no cloak)
rCorr   .            (no gloves)
SInv    .            (no boots)
Will    .....        (no amulet)
Stlth   ++           (no ring)
HPRegen 0.23/turn    (no ring)
MPRegen 0.09/turn

%: no passive effects
@: no status effects
A: foul stench 1
a: no special abilities


You were on level 1 of the Dungeon.
You visited 1 branch of the dungeon, and saw 2 of its levels.

You collected 31 gold pieces.

Inventory:

Hand Weapons
 i - a +0 dagger
 l - a +0 whip (weapon)
Armour
 a - a +0 robe (worn)
 f - a +0 helmet (worn)
Jewellery
 m - an amulet of guardian spirit
Scrolls
 d - a scroll of identify {unknown}
 h - a scroll of summoning {unknown}
 j - a scroll of enchant weapon {unknown}
 k - a scroll of teleportation {unknown}
Potions
 b - a potion of magic
 c - a potion of heal wounds {unknown}
 e - a potion of brilliance {unknown}
 g - a potion of mutation {unknown}
 n - a potion of enlightenment {unknown}


   Skills:
 + Level 1.1 Fighting
 - Level 1.7 Dodging
 - Level 1.7 Stealth
 + Level 2.3 Spellcasting
 * Level 4.9 Necromancy


You had 4 spell levels left.
You knew the following spells:

 Your Spells              Type           Power      Damage    Failure   Level
a - Necrotise             Necr           64%        1d7       2%          1

Your spell library contained the following spells:

 Spells                   Type           Power      Damage    Failure   Level
 Vampiric Draining        Necr           16%        2d7       9%          3
 Freeze                   Ice            4%         1d3       22%         1
 Animate Dead             Necr           16%        N/A       28%         4
 Frozen Ramparts          Ice            2%         1d1       54%         3
 Hailstorm                Conj/Ice       1%         3d5       54%         3
 Agony                    Necr           16%        N/A       61%         5


Dungeon Overview and Level Annotations

Branches:
Dungeon (2/15)

Altars:


Innate Abilities, Weirdness & Mutations

You may rarely emit foul miasma when damaged in melee.


Message History

The jackal closely misses you.
Unknown command.
Aiming: Necrotise (safe; 2% risk of failure)
Press: ? - help, Q - select action Shift-Dir - straight line, f - jackal
Aim: a jackal (foul pestilence, moderately wounded, poisoned, chance to affect: 86%)
The jackal writhes in agony.
You kill the jackal!
The dead are walking!
The jackal bites you.
You emit a cloud of foul miasma!
The jackal closely misses you.
Unknown command.
You hit the jackal but do no damage.
The jackal is severely wounded.
The jackal is engulfed in dark miasma.
The jackal is poisoned.
The jackal seems to slow down.
You kill the jackal!
The jackal closely misses you. The jackal barely misses you.
Unknown command.
You hit the jackal.
You kill the jackal!
You start resting.
Your jackal skeleton crumbles into dust!
HP restored.
There is a stone staircase leading down, spattered with blood here.
You climb downwards.
The goblin hits you but does no damage. The gnoll hits you with a +0 spear.
The gnoll completely misses you. The gnoll hits you with a +0 spear!
The goblin barely misses you.
There is a stone staircase leading up here.
Unknown command.
The gnoll hits you with a +0 flail. The gnoll hits you with a +0 spear.
* * * LOW HITPOINT WARNING * * *
You emit a cloud of foul miasma!
The goblin barely misses you.
You climb upwards.
There is a stone staircase leading down, spattered with blood here.
Unknown command.
Aiming: Necrotise (safe; 2% risk of failure)
Press: ? - help, Q - select action Shift-Dir - straight line, f - gnoll
Aim: a gnoll, wielding a +0 spear (chance to affect: 80%)
The gnoll writhes in agony.
The gnoll closely misses you. The gnoll hits you with a +0 spear!
You die...

~~~~~..........[.......#.#...#
#.
~~≈~~..............#.#.#.#...#
#.
≈≈≈≈~~.............#.#.#.#...#
#.
≈≈≈≈≈~##'##........#.#...#...#
#.
≈≈≈≈~##...##~~.....#.#.#.#...#
#.
≈≈≈≈~#.....#~~~..........#...#
#.
≈≈≈≈≈#.....#~~~...###.####...#
#.
≈≈≈≈≈#..>..#≈~~gg####.####...#
#.
≈≈≈≈≈##...##≈~..@g......##...#
#.
≈≈≈≈≈≈#####≈~~.######....#...#
#.
≈≈≈≈≈≈≈≈≈≈≈~..........#..#...#
#.
~~~~≈≈≈≈≈≈≈~~.#.#####.#..#...#
#.
~~.~≈~~~~~~~..#.#........#...#
#.
...%~~~~~~...##.#.###.#.##...#
#.
###.....~~..###.#............#
#.
#####....#....#.###.#.##.#.###.
######.##.#####.#.##.#.....


You could see 2 gnolls and a goblin.

Vanquished Creatures
  A dart slug (D:1)
  A bat (D:1)
  2 endoplasms (D:1)
  4 goblins (D:1)
  3 hobgoblins (D:1)
  4 jackals
  A quokka (D:1)
  2 ball pythons (D:1)
  2 kobolds (D:1)
20 creatures vanquished.

Notes
Turn   | Place    | Note
-------+----------+-------------------------------------------
     0 | D:1      | Bnni the Demonspawn Necromancer began the quest for the
                  | Orb.
     0 | D:1      | Reached XP level 1. HP: 13/13 MP: 3/3
   289 | D:1      | Gained mutation: You may rarely emit foul miasma when
                  | damaged in melee. [demonic ancestry]
   289 | D:1      | Reached XP level 2. HP: 20/20 MP: 0/5
   778 | D:1      | Reached skill level 1 in Fighting
  1104 | D:1      | Slain by a gnoll

Illustrated notes

Levels and vault maps discovered:
D:1:      minmay_arrival_shoal_huts, layout_basic
D:2:      layout_rooms, grunt_ministairs_11, minmay_indecisive_spiral,
          uniq_crazy_yiuf_cottage

Skill      XL: |  1  2 |
---------------+-------+-----
Fighting       | 1 |  1.1
Dodging        | |  1.7
Stealth        | |  1.7
Spellcasting   | |  2.3
Necromancy     | |  4.9

Action                     || total
---------------------------++-------
  Melee: Unarmed           ||     2
         Whip              ||     9
   Cast: Necrotise         ||    33
   Stab: Sleeping          ||     1
 Armour: Robe              ||    25
  Dodge: Dodged            ||    23

Table legend: (Time is in decaauts)
 A = Elapsed time spent in this place.
 B = Non-inter-level travel time spent in this place.
 C = Inter-level travel time spent in this place.
 D = Time resting spent in this place.
 E = Time spent auto-exploring this place.
 F = Levels seen in this place.
 G = Mean time per level.
                   A        B        C        D        E       F      G
               +--------+--------+--------+--------+--------+-----+--------+
         Total |   1105 |   1086 |     19 |     49 |    886 |   2 |  552.5 |
       Dungeon |   1105 |   1086 |     19 |     49 |    886 |   2 |  552.5 |
               +--------+--------+--------+--------+--------+-----+--------+

Top non-repeatable levels by time:
     D:1: 1092 daAuts
     D:2: 13 daAuts
